[Event "Coimbra Queima Fitas Open 2024"]
[Site "Coimbra"]
[Date "2024.04.28"]
[Round "7.4"]
[White "Monteiro, Paulo Alexandre Gome"]
[Black "Grimm, Daniel"]
[Result "1/2-1/2"]
[ECO "A41"]
[WhiteElo "2122"]
[BlackElo "2296"]
[Annotator "TA"]
[PlyCount "90"]
[EventDate "2024.04.23"]
[EventType "swiss"]
[EventCountry "POR"]
[SourceTitle "playchess.com"]
[Source "ChessBase"]
[SourceQuality "1"]
[TimeControl "5400+30"]

1. d4 d6 2. c4 e5 3. Nf3 e4 4. Nfd2 f5 5. e3 Nf6 6. Be2 c5 7. b4 cxd4 8. exd4 {[%emt 0:00:17] The position is equal.} g6 9. O-O Bg7 10. Nb3 O-O 11. Nc3 Kh8 (11... Na6 $11) 12. a4 (12. Bf4 $14) 12... d5 13. c5 Nc6 14. b5 Ne7 15. a5 (15. Bf4 $16) 15... a6 $14 16. Bf4 h6 (16... axb5 $14 17. Nxb5 Bd7) 17. h4 {[%emt 0:04:25] White is more active.} ({White should play} 17. c6 $16) 17... g5 18. hxg5 $16 hxg5 19. Bxg5 Be6 20. f4 {[%emt 0:03:34][%cal Oc5c6] Hoping for c6!} exf3 (20... Nh7 $16) 21. Rxf3 $18 Ne4 $2 (21... Kg8 22. c6 bxc6) 22. Rh3+ (22. Nxe4 $142 fxe4 23. Rxf8+ Qxf8 24. c6 bxc6 25. b6 (25. bxa6 Nf5 $14) (25. Nc5 Bc8 $14)) 22... Kg8 23. Bh4 ({Better is} 23. Nxe4 $18 fxe4 24. Bg4) 23... Qd7 ({Black should try} 23... axb5 $1 $14 24. Bxb5 (24. Nxb5 Qd7 $14) 24... f4) 24. Rc1 (24. Nxe4 $16 dxe4 25. c6 bxc6 26. bxc6 (26. bxa6 f4 $17) 26... Nxc6 27. Bf2) 24... f4 $11 25. Bxe7 Bxh3 $4 (25... Qxe7 $11 26. Bg4 Rad8) 26. Bxf8 $18 Rxf8 27. Nxe4 (27. gxh3 $2 Qxh3 28. Nxe4 (28. Nxd5 $2 Qg3+ 29. Kh1 Nf2#) 28... f3 $19) (27. bxa6 Ng5 $16) 27... dxe4 28. gxh3 $2 (28. bxa6 f3 29. Bxf3 (29. gxf3 $2 Bh6 $19) 29... exf3 (29... bxa6 $2 30. Bxe4 Be6 31. d5 $18) 30. gxf3 Bh6 $19 (30... bxa6 $2 31. Qe2 $19)) (28. Bc4+ $18 Be6 29. Qg4 (29. bxa6 $2 Bxc4 30. Rxc4 f3 $19)) 28... Qxh3 $2 (28... f3 $1 $11 {and Black is okay.} 29. Bf1 axb5) 29. Bc4+ Kh8 $2 {[%emt 0:00:21] [#]} (29... Kh7 30. Qe2 f3) 30. Rc2 $1 {[%emt 0:01:04] Rh2 is the strong threat.} Bh6 31. Rh2 (31. bxa6 {gets mated.} f3 32. Qe1 e3) 31... Qe3+ 32. Kh1 Rf6 33. Qg4 Qe1+ 34. Qg1 Qxg1+ 35. Kxg1 axb5 36. Bxb5 Kg7 37. Nd2 f3 38. Nxe4 Be3+ 39. Kf1 Rg6 {[%emt 0:00:13][%csl Ge3][%cal Rg6g1] [#]} 40. Ke1 Bxd4 41. Rh3 Re6 42. Bd3 Bxc5 43. Rxf3 $2 (43. Rg3+ $18 {has better winning chances.} Kh6 44. Kf1 (44. Rxf3 Bb4+ 45. Ke2 Bxa5 $18)) 43... Bb4+ $16 {[%emt 0:00:15] White is better.} 44. Kd1 Bxa5 45. Rg3+ Rg6 {[%emt 0:02:03] Weighted Error Value: White=0.67/Black=0.73.  Loses game:     	---       	Black=2      Missed win:     	White=2     	---        Mistake:       	White=6     	Black=7      Inaccurate:     	---       	Black=2      OK:         	White=5     	Black=9      Best:        	White=4     	Black=1      Strong:       	White=1     	---} 1/2-1/2

[Event "Coimbra Queima Fitas Open 2024"]
[Site "Coimbra"]
[Date "2024.04.28"]
[Round "7.5"]
[White "Gama, Edivaldo Pereira Da"]
[Black "Povshednyi, Ivan"]
[Result "1/2-1/2"]
[ECO "B50"]
[WhiteElo "2109"]
[BlackElo "2249"]
[Annotator "NA RC"]
[PlyCount "52"]
[EventDate "2024.04.23"]
[EventType "swiss"]
[EventCountry "POR"]
[SourceTitle "playchess.com"]
[Source "ChessBase"]
[SourceQuality "1"]
[TimeControl "5400+30"]

1. e4 c5 2. Nf3 d6 3. Bc4 Nf6 4. e5 dxe5 5. Nxe5 e6 6. Nc3 Be7 7. d3 a6 8. a4 Nbd7 9. Qe2 Nxe5 10. Qxe5 Qd6 11. Qe2 Bd7 12. Be3 Bc6 13. O-O O-O 14. Bg5 h6 15. Bh4 b6 16. Rfe1 Rfe8 17. Ne4 Nxe4 18. Bxe7 Qxe7 19. dxe4 Qb7 20. Bd3 b5 21. axb5 axb5 22. b3 Red8 23. Rxa8 Rxa8 24. Qe3 Qe7 25. Qe2 b4 26. Qe3 Rd8 1/2-1/2

[Event "Coimbra Queima Fitas Open 2024"]
[Site "Coimbra"]
[Date "2024.04.28"]
[Round "7.6"]
[White "Ribeiro, Gustavo Martins Sant"]
[Black "Peixoto, Helio Ricardo Soutin"]
[Result "1-0"]
[ECO "A15"]
[WhiteElo "2226"]
[BlackElo "1959"]
[Annotator "TA"]
[PlyCount "85"]
[EventDate "2024.04.23"]
[EventType "swiss"]
[EventCountry "POR"]
[SourceTitle "playchess.com"]
[Source "ChessBase"]
[SourceQuality "1"]
[TimeControl "5400+30"]

1. c4 Nf6 2. Nf3 g6 3. b3 Bg7 4. Bb2 d6 5. g3 c5 6. Bg2 Nc6 7. O-O O-O 8. d3 e5 9. Nc3 Ne8 10. Nd5 {[%emt 0:01:57] [#]} (10. Ne1 $11) 10... f5 (10... e4 $1 $17 11. Bxg7 exf3 12. Bxf8 fxg2 13. Kxg2 Kxf8) 11. Nd2 Nc7 12. a3 {[%emt 0:04:55] The position is equal.} Ne6 13. b4 f4 (13... Ne7 $14) 14. Ne4 (14. e3 $16) 14... Ng5 15. bxc5 {[%emt 0:03:35] White is more active.} (15. Nxg5 $14 Qxg5 16. b5) 15... Nxe4 $11 16. dxe4 dxc5 17. Rb1 Nd4 18. e3 (18. Bc1 $14) 18... f3 $1 19. exd4 fxg2 20. Kxg2 cxd4 21. f4 exf4 (21... Qe8 $1 $11) 22. gxf4 (22. Bxd4 $16 Qd7 23. Bxg7 (23. gxf4 Qh3+ 24. Kg1 Qg4+ 25. Kh1 Qxd1 $14) (23. Rxf4 Rxf4 24. Bxg7 Qe6 $16) 23... Qxg7 24. Qd3 (24. Rxf4 Be6 $16) (24. Nxf4 b6 $16)) 22... Qh4 23. Qf3 {[%emt 0:00:08] Prevents Bh3+} Bg4 24. Qg3 (24. Qd3 {feels hotter.} Be6 25. Qg3 Qh5 26. Rbe1) 24... Qxg3+ 25. hxg3 Be2 26. Rfc1 Bd3 {[%emt 0:00:13][%csl LRb1,LRe4][%cal Ob7b5] And now ...b5! would win. A strong pair of Bishops.} 27. e5 Bxb1 28. Rxb1 b5 29. cxb5 $14 Rfd8 $2 {[%emt 0:01:03] Loses the game.} ({Better is} 29... Rf7 $1 $14) 30. Ne7+ $18 Kf7 31. Nc6 Rd5 $2 (31... Rdc8 {keeps fighting.} 32. Bxd4 (32. Nxd4 Rc4 $14) 32... a6 33. e6+ Kxe6) 32. Bxd4 ({And not} 32. Nxd4 Rc8 $11) 32... Bf8 33. Bxa7 {[%emt 0:00:16] Threatens to win with b6.} ({Don't play} 33. a4 Bc5 34. Bxc5 Rxc5 $18) 33... Bc5 34. b6 Rd2+ (34... Bxb6 $142 35. Rxb6 (35. Bxb6 Rxa3 36. Nd4 h5 $18) 35... Rd7) 35. Kh3 {[%emt 0:00:32] b7 is the strong threat.} Bxb6 36. Rxb6 Rd7 37. Bb8 Rd3 {[%emt 0:02:54] [#]} 38. e6+ $1 Ke8 (38... Kf6 39. Be5+) 39. Be5 Rdxa3 40. Rb7 {[%emt 0:00:05] White mates.} Rc8 41. Re7+ Kf8 42. Rf7+ Ke8 43. Bd6 {[%emt 0:00:04] Weighted Error Value: White=0.24 (precise) /Black=0.56.  Loses game:     	---       	Black=1      Mistake:       	White=4     	Black=6      Inaccurate:     	---       	Black=7      OK:         	White=9     	Black=8      Best:        	White=3     	Black=2      Strong:       	---       	Black=1} 1-0

[Event "Coimbra Queima Fitas Open 2024"]
[Site "Coimbra"]
[Date "2024.04.28"]
[Round "7.7"]
[White "Goncalves, Samuel Jesus Pereira"]
[Black "Santos, Tomas Afonso Pires D"]
[Result "0-1"]
[ECO "D71"]
[WhiteElo "2190"]
[BlackElo "1904"]
[Annotator "RC"]
[PlyCount "122"]
[EventDate "2024.04.23"]
[EventType "swiss"]
[EventCountry "POR"]
[SourceTitle "playchess.com"]
[Source "ChessBase"]
[SourceQuality "1"]
[TimeControl "5400+30"]

1. d4 Nf6 2. c4 g6 3. g3 Bg7 4. Bg2 c5 5. d5 O-O 6. Nc3 d6 7. Nf3 e6 8. O-O exd5 9. cxd5 a6 10. a4 Nbd7 11. Bf4 Qc7 12. e4 Nh5 13. Be3 Rb8 14. a5 b5 15. axb6 Rxb6 16. Ra2 Re8 17. Qc2 Rb4 18. Bd2 Nhf6 19. Re1 Ng4 20. Nb1 Rb8 21. Ba5 Qa7 22. Nbd2 Nde5 23. Nxe5 Nxe5 24. h3 Bd7 25. Kh2 Bb5 26. Bf1 c4 27. Kg2 Nd3 28. Bxd3 cxd3 29. Qc7 Qxc7 30. Bxc7 Rbc8 31. Bxd6 Rc2 32. Bf4 Bxb2 33. Rxb2 Rxb2 34. e5 a5 35. Ne4 Ra8 36. e6 fxe6 37. Nf6+ Kf7 38. dxe6+ Kxf6 39. Be5+ Kxe6 40. Bxb2+ Kd5 41. Kf3 Rf8+ 42. Ke3 Re8+ 43. Kd2 Rxe1 44. Kxe1 Kc4 45. Kd2 Kb3 46. Be5 a4 47. Kc1 Kc4 48. Kd2 a3 49. f4 Kb3 50. Kc1 Bc4 51. g4 Ka4 52. Kd2 Kb5 53. Bd6 a2 54. Be5 Kc5 55. Ke3 Kd5 56. Bg7 d2 57. Kxd2 Ke4 58. Be5 g5 59. Ke1 gxf4 60. Bc3 Kf3 61. g5 Kg2 0-1

[Event "Coimbra Queima Fitas Open 2024"]
[Site "Coimbra"]
[Date "2024.04.28"]
[Round "7.8"]
[White "Faryma, Matviy"]
[Black "Dias, Ivo Rodrigues"]
[Result "0-1"]
[ECO "B11"]
[WhiteElo "1993"]
[BlackElo "2145"]
[Annotator "NA RC"]
[PlyCount "92"]
[EventDate "2024.04.23"]
[EventType "swiss"]
[EventCountry "POR"]
[SourceTitle "playchess.com"]
[Source "ChessBase"]
[SourceQuality "1"]
[TimeControl "5400+30"]

1. e4 c6 2. Nf3 d5 3. Nc3 Bg4 4. h3 Bxf3 5. Qxf3 e6 6. d4 dxe4 7. Qxe4 Nf6 8. Qd3 Nbd7 9. Be3 Be7 10. Be2 O-O 11. g4 Qa5 12. Bd2 Rfd8 13. Ne4 Qb6 14. Nxf6+ Bxf6 15. c3 Qxb2 16. O-O e5 17. g5 Be7 18. Be3 exd4 19. cxd4 Nc5 20. Qd1 Ne6 21. Rb1 Qxa2 22. Rxb7 Bxg5 23. Bh5 g6 24. Bg4 Qd5 25. Qf3 Qxf3 26. Bxf3 Rd6 27. Ra1 a5 28. Rb6 Nxd4 29. Bxd4 Rxd4 30. Rxc6 Ra7 31. Rc5 Bd2 32. Rd5 Rxd5 33. Bxd5 a4 34. Rd1 Bg5 35. Ba2 a3 36. Rd3 Kg7 37. Kg2 Be7 38. Rf3 f5 39. Re3 Rb7 40. Re6 Bc5 41. Rc6 Bxf2 42. Kf3 Rb2 43. Bd5 Bd4 44. h4 a2 45. Ra6 Rf2+ 46. Kg3 f4+ 0-1

[Event "Coimbra Queima Fitas Open 2024"]
[Site "Coimbra"]
[Date "2024.04.28"]
[Round "7.10"]
[White "Goncalves, Lucas Jordao"]
[Black "Vasconcelos, Paulo Jorge Lopes De"]
[Result "1-0"]
[ECO "C55"]
[WhiteElo "1983"]
[BlackElo "2093"]
[Annotator "NA RC"]
[PlyCount "77"]
[EventDate "2024.04.23"]
[EventType "swiss"]
[EventCountry "POR"]
[SourceTitle "playchess.com"]
[Source "ChessBase"]
[SourceQuality "1"]
[TimeControl "5400+30"]

1. e4 e5 2. Nf3 Nc6 3. Bc4 Nf6 4. d3 h6 5. O-O d6 6. c3 g5 7. b4 Bg7 8. Nbd2 Ne7 9. Re1 O-O 10. Nf1 Ng6 11. h3 Be6 12. Bb3 d5 13. Ng3 Re8 14. Bb2 Qd7 15. exd5 Bxh3 16. Ba4 b5 17. Bxb5 Qxb5 18. gxh3 Qd7 19. Kh2 Nf4 20. Ng1 g4 21. c4 gxh3 22. f3 h5 23. N1e2 h4 24. Ne4 Ng2 25. Rg1 Nh5 26. Qf1 Qf5 27. Qf2 Qg6 28. Kxh3 Ngf4+ 29. Nxf4 Qf5+ 30. Rg4 Nxf4+ 31. Kh2 Nxd3 32. Qe3 Nxb2 33. Rag1 Nxc4 34. Rxg7+ Kf8 35. Qc5+ Nd6 36. Nxd6 Qf4+ 37. Kh1 Qxf3+ 38. R1g2 Qh3+ 39. Kg1 1-0

[Event "Coimbra Queima Fitas Open 2024"]
[Site "Coimbra"]
[Date "2024.04.28"]
[Round "7.11"]
[White "Goncalves, Lucas Jordao"]
[Black "Ryabukhin, Roman"]
[Result "1-0"]
[ECO "E92"]
[WhiteElo "1983"]
[BlackElo "2047"]
[Annotator "TA"]
[PlyCount "111"]
[EventDate "2024.04.23"]
[EventType "swiss"]
[EventCountry "POR"]
[SourceTitle "playchess.com"]
[Source "ChessBase"]
[SourceQuality "1"]
[TimeControl "5400+30"]

1. d4 Nf6 2. Nf3 g6 3. c4 Bg7 4. Nc3 d6 5. e4 O-O 6. Be2 e5 7. d5 a5 8. O-O Nbd7 9. Ne1 Nc5 10. f3 Nh5 11. Be3 b6 12. Nd3 f5 13. b3 f4 14. Bf2 {[%emt 0:00:36] The position is equal.} g5 15. a3 Nf6 16. Qc2 h5 (16... g4 $11) 17. b4 Nxd3 18. Bxd3 g4 19. Bh4 Kh8 20. Kh1 Qd7 21. Qf2 Rg8 22. c5 gxf3 23. Qxf3 Qf7 24. cxb6 cxb6 25. Nb5 Ne8 26. Qf2 Rb8 (26... Bf6 $11 {was preferrable.}) 27. Bd8 Bd7 (27... Bf8 $11 {deserves consideration.}) 28. Bxb6 $14 axb4 29. a4 Bxb5 $2 {[%emt 0:00:53] [#]} (29... Qg6 $11 {and Black stays safe.}) 30. axb5 $18 (30. Bxb5 $6 Nf6 $14) 30... Nf6 31. Ba7 {[%emt 0:02:33] White is more active.} Rbc8 32. b6 Rc3 33. Qe2 Qe7 (33... Bh6 {was called for.}) 34. h3 $2 (34. Rf3 $18) 34... Qd7 $2 {[%emt 0:04:06] This move loses the game for Black.} (34... Bh6 $11) 35. Rf3 Rgc8 $2 (35... Qc8 36. Bb5 (36. Qb2 Nxd5 37. Rb1 Ne3 $16) 36... Rxf3 37. Qxf3 b3) 36. Bb5 Rc1+ (36... Qf7 $142 37. Rxc3 (37. Bc6 R8xc6 38. dxc6 Rxc6 $18) 37... Rxc3) 37. Rf1 Rxf1+ 38. Rxf1 f3 (38... Qf7 $142 39. Ba6 (39. Bc6 Qg6 $18) 39... Rd8) 39. Rxf3 (39. Bxd7 $2 {perishes.} fxe2 40. Re1 Nxd7 $19) 39... Rc1+ 40. Rf1 Rxf1+ 41. Qxf1 Qb7 42. Bc6 Nxe4 43. Bxb7 Ng3+ 44. Kg1 Nxf1 45. Kxf1 (45. Ba6 $142 Ng3 46. b7) 45... e4 46. Bc8 {[%emt 0:00:52] [#] Intending b7 and mate.} Bd4 47. Bf5 e3 48. Bc2 Kg7 49. Bb8 Bxb6 50. Bxd6 Ba5 51. Ke2 Bb6 52. Bxb4 Kf6 53. Be4 Ke5 54. Bf3 Kd4 55. Be7 Ke5 56. Bg5 {[%emt 0:00:15] Weighted Error Value: White=0.24 (precise) /Black=0.79.  Loses game:     	---       	Black=2      Missed win:     	White=1     	---        Mistake:       	---       	Black=7      Inaccurate:     	White=4     	Black=3      OK:         	White=8     	Black=10     Best:        	White=1     	---} 1-0

[Event "Coimbra Queima Fitas Open 2024"]
[Site "Coimbra"]
[Date "2024.04.28"]
[Round "7.12"]
[White "Pintor, Simao Maciel Abranch"]
[Black "Bastiao, Tomas De Oliveira"]
[Result "1/2-1/2"]
[ECO "B38"]
[WhiteElo "2039"]
[BlackElo "1875"]
[Annotator "RC"]
[PlyCount "120"]
[EventDate "2024.04.23"]
[EventType "swiss"]
[EventCountry "POR"]
[SourceTitle "playchess.com"]
[Source "ChessBase"]
[SourceQuality "1"]
[TimeControl "5400+30"]

1. e4 c5 2. Nf3 Nc6 3. d4 cxd4 4. Nxd4 g6 5. c4 Bg7 6. Be3 Qb6 7. Nb3 Qd8 8. Qd2 Nf6 9. f3 d6 10. Nc3 O-O 11. Be2 a5 12. Na4 Be6 13. Nd4 Nxd4 14. Bxd4 Nd7 15. b3 Qc7 16. h4 Nc5 17. Nc3 Bxd4 18. Qxd4 Nd7 19. h5 Qc5 20. Qd2 Nf6 21. f4 a4 22. Rb1 axb3 23. axb3 Ng4 24. Bxg4 Bxg4 25. Nd5 Rfe8 26. hxg6 fxg6 27. f5 Qa5 28. f6 Qxd2+ 29. Kxd2 Be6 30. Nc7 exf6 31. Nxa8 Rxa8 32. Ra1 Rb8 33. Ra7 Bd7 34. Rha1 Bc6 35. Ra8 Rxa8 36. Rxa8+ Kf7 37. Ke3 f5 38. exf5 Bxg2 39. Rh8 gxf5 40. Rxh7+ Ke6 41. Rg7 Bc6 42. Kd4 Kf6 43. Rh7 Be4 44. b4 Bc6 45. Rh8 Ke6 46. b5 Bf3 47. Re8+ Kf6 48. Kc3 Bg2 49. Kb4 Be4 50. Ka5 Bd3 51. Rc8 Be4 52. Kb6 f4 53. Rd8 Ke5 54. Kc7 f3 55. Rxd6 f2 56. Rd1 Bg2 57. c5 f1=Q 58. Rxf1 Bxf1 59. c6 bxc6 60. b6 Ba6 1/2-1/2

[Event "Coimbra Queima Fitas Open 2024"]
[Site "Coimbra"]
[Date "2024.04.28"]
[Round "7.13"]
[White "Alegre, Fabio Da Conceicao B"]
[Black "Almeida, Joao Pedro Dias"]
[Result "1/2-1/2"]
[ECO "A28"]
[WhiteElo "1942"]
[BlackElo "2006"]
[Annotator "NA RC"]
[PlyCount "116"]
[EventDate "2024.04.23"]
[EventType "swiss"]
[EventCountry "POR"]
[SourceTitle "playchess.com"]
[Source "ChessBase"]
[SourceQuality "1"]
[TimeControl "5400+30"]

1. c4 e5 2. Nc3 Nf6 3. Nf3 Nc6 4. e4 Bb4 5. d3 d6 6. a3 Ba5 7. Bg5 h6 8. Bd2 Bb6 9. Na4 Bd4 10. Be2 Nh7 11. Nxd4 Nxd4 12. f4 Qh4+ 13. g3 Qh3 14. Bf1 Qg4 15. Be2 Nxe2 16. Qxe2 h5 17. f5 Nf8 18. Qxg4 hxg4 19. O-O f6 20. Nc3 Nd7 21. Nd5 Kd8 22. b4 b5 23. cxb5 Nb6 24. Ne3 Na4 25. Nxg4 Bd7 26. Kf2 Bxb5 27. Ke2 Rh3 28. Nf2 Rxh2 29. Rh1 Rxh1 30. Rxh1 Ke7 31. g4 Rf8 32. g5 Rf7 33. Rh7 fxg5 34. Bxg5+ Ke8 35. Kd2 Nb6 36. Nh3 Nd7 37. Be3 Nf8 38. Rh8 a6 39. Ng5 Rf6 40. Ne6 Rf7 41. Rg8 Ba4 42. Kc3 Bd1 43. Kb2 Rf6 44. Bg5 Rf7 45. Bh4 Ba4 46. Bg5 Bd1 47. Kc3 Ba4 48. Nxf8 Rxf8 49. Rxg7 Rf7 50. Rxf7 Kxf7 51. d4 exd4+ 52. Kxd4 Bc2 53. Bd8 c6 54. f6 Ke6 55. Bc7 c5+ 56. bxc5 dxc5+ 57. Kxc5 Bxe4 58. Bd8 Bd3 1/2-1/2

[Event "Coimbra Queima Fitas Open 2024"]
[Site "Coimbra"]
[Date "2024.04.28"]
[Round "7.14"]
[White "Serarols Mabras, Bernat"]
[Black "Ryabukhina, Veronika"]
[Result "1-0"]
[ECO "E04"]
[WhiteElo "2361"]
[BlackElo "1738"]
[Annotator "TA"]
[PlyCount "119"]
[EventDate "2024.04.23"]
[EventType "swiss"]
[EventCountry "POR"]
[SourceTitle "playchess.com"]
[Source "ChessBase"]
[SourceQuality "1"]
[TimeControl "5400+30"]

1. d4 d5 2. c4 e6 3. Nf3 Nf6 4. g3 dxc4 5. Bg2 c5 6. O-O Nc6 7. Qa4 Bd7 8. Qxc4 b5 9. Qd3 c4 10. Qc2 Rc8 11. e4 Be7 12. Rd1 {[%emt 0:02:24] The position is equal.} O-O 13. Ne5 $2 (13. Qe2 $11 {and White has nothing to worry.}) 13... Qc7 $2 (13... Nxe5 $19 14. dxe5 Ng4) 14. Bf4 $11 Qb6 15. Nxc6 Bxc6 16. d5 exd5 17. exd5 Bd7 18. d6 Bd8 19. Nd2 h6 20. a4 a6 (20... Re8 $11) 21. axb5 axb5 22. Be3 ({White should play} 22. Ne4 $16 {Be3 would now be deadly.} b4 23. Nxf6+ Bxf6 24. Be3) 22... Qxd6 23. Ne4 $36 {[%emt 0:00:48][%mdl 2048] Black is under pressure.} Qe6 24. Nd6 Bc6 25. Nxc8 $16 Qxc8 26. Bxc6 Qxc6 27. Qf5 Be7 28. Ra7 Bb4 29. Qe5 {[%emt 0:03:04] White has more active pieces.} Re8 {[%emt 0:02:23] [#]} (29... Qf3 $16 {is a better defense.} 30. Rf1 Qc6 (30... Ng4 31. Qf4 $18)) 30. Qc7 $1 $18 Qe6 31. Rd8 {[%emt 0:00:30] And now Rb7 would win.} Rxd8 (31... Nd5 $16 {was worth a try.} 32. Rxe8+ Qxe8) 32. Qxd8+ Kh7 33. Qb6 Qe5 34. Qd4 Qh5 35. h4 Kg6 36. Rb7 Qf5 37. Qf4 {[%emt 0:01:15] [#] Qxf5+ is the strong threat.} Qd5 38. Rb6 Kh7 39. Bd4 Ne4 (39... Nd7) 40. Qe5 (40. Bxg7 $142 Bd2 41. Qe5 (41. Rxh6+ $2 {perishes.} Kxg7 $19) 41... Qxe5 42. Bxe5) 40... Qxe5 41. Bxe5 Nxf2 42. Rxb5 {[%emt 0:00:07][%mdl 4096] Endgame. KRB-KBN} (42. Kxf2 Bc5+ 43. Kf3 Bxb6 $19) 42... Nd3 43. Bc3 Bd6 (43... Bxc3 44. bxc3 Nc1) 44. Kg2 Bc5 45. Kf3 Bf2 46. Rb7 Kg8 47. Re7 f6 48. Re4 Kf7 49. Rxc4 Be1 50. Rc7+ Kg6 51. Bxe1 {[%emt 0:00:16] White mates.} Nxe1+ {[%emt 0:00:09] KR-KN} 52. Ke2 Ng2 53. Kf2 f5 54. Kxg2 {[%emt 0:00:06] KR-K3P} Kh5 55. b4 f4 56. b5 fxg3 57. b6 g5 58. b7 Kxh4 59. b8=Q Kg4 60. Rc4+ {[%emt 0:00:07] Weighted Error Value: White=0.22 (precise) /Black=0.46.  Loses game:     	White=1     	---        Missed win:     	---       	Black=1      Mistake:       	White=2     	Black=6      Inaccurate:     	White=2     	Black=5      OK:         	White=11    	Black=13     Best:        	White=6     	Black=3      Strong:       	White=1     	---} 1-0

[Event "Coimbra Queima Fitas Open 2024"]
[Site "Coimbra"]
[Date "2024.04.28"]
[Round "7.15"]
[White "Iglesias Ferreira, Andres Agustin"]
[Black "Sa, Nuno Baltazar Fogaca"]
[Result "1-0"]
[ECO "C65"]
[WhiteElo "2261"]
[BlackElo "1880"]
[Annotator "TA"]
[PlyCount "45"]
[EventDate "2024.04.23"]
[EventType "swiss"]
[EventCountry "POR"]
[SourceTitle "playchess.com"]
[Source "ChessBase"]
[SourceQuality "1"]
[TimeControl "5400+30"]

1. e4 e5 2. Nf3 Nc6 3. Bb5 Nf6 4. d3 d6 5. c3 Be7 6. O-O O-O 7. Re1 Bg4 8. Nbd2 a6 9. Ba4 b5 10. Bc2 d5 11. h3 dxe4 (11... Bh5 $14) 12. dxe4 (12. hxg4 $16 exf3 13. g5 (13. Qxf3 Qd7 $16) (13. Nxf3 Nxg4 14. d4 exd4 $14) (13. gxf3 Qd7 $11)) 12... Bh5 13. Qe2 {[%emt 0:00:30] White is better.} Bc5 14. Nf1 Bxf3 15. Qxf3 Ne7 16. Ng3 c6 17. Bg5 Ng6 (17... Ne8 $16 {is a better defense.} 18. b4 Bd6) 18. Rad1 Qb6 {[%emt 0:00:39] [#]} (18... Qc7 {was called for.} 19. Bxf6 gxf6 20. Qxf6 Be7) 19. Nf5 $18 Nh5 20. b4 {[%cal Ob4c5] White is clearly winning.} ({Don't do} 20. Qxh5 Bxf2+ 21. Kh2 Bxe1 22. Rxe1 c5 $18) 20... Bxf2+ 21. Qxf2 Qxf2+ 22. Kxf2 Nhf4 23. Bxf4 {Weighted Error Value: White=0.18 (very precise) /Black=0.52.  Mistake:       	White=1     	Black=3      Inaccurate:     	---       	Black=3      OK:         	White=3     	Black=1} 1-0